 Dungeon Crawl Stone Soup version 0.31.0-32-g396128a36d (webtiles) character file.

Game seed: 5052152128808661342

126 vvlvvlvvl the Trooper (level 4, -4/35 HPs)
             Began as a Demonspawn Fighter on Mar 11, 2024.
             Slain by an orc
             ... wielding a +0 mace
              (6 damage)
             ... on level 3 of the Dungeon.
             The game lasted 00:02:07 (1626 turns).

vvlvvlvvl the Trooper (Demonspawn Fighter)          Turns: 1626, Time: 00:02:07

Health: -4/35      AC:  6    Str: 16    XL:     4   Next: 84%
Magic:  5/5        EV:  8    Int: 11    God:
Gold:   44         SH:  4    Dex: 12    Spells: 5/5 levels left

rFire   . . .        a - +0 war axe
rCold   . . .        c - +0 buckler
rNeg    . . .        b - +0 scale mail
rPois   .            (no helmet)
rElec   .            (no cloak)
rCorr   .            (no gloves)
SInv    .            (no boots)
Will    .....        (no amulet) Stlth
                     (no ring)
HPRegen 0.25/turn    (no ring)
MPRegen 0.09/turn

%: no passive effects
@: no status effects
A: powered by pain 2
a: no special abilities


You were on level 3 of the Dungeon.
You visited 1 branch of the dungeon, and saw 3 of its levels.

You collected 44 gold pieces.

Inventory:

Hand Weapons
 a - a +0 war axe (weapon)
Armour
 b - a +0 scale mail (worn)
 c - a +0 buckler (worn)
Jewellery
 j - an amulet of faith
Scrolls
 e - 2 scrolls of identify {unknown}
 f - 2 scrolls of enchant armour {unknown}
 g - a scroll of enchant weapon {unknown}
 i - a scroll of vulnerability {unknown}
 l - a scroll of fog {unknown}
Potions
 d - a potion of might
 h - 2 potions of curing {unknown}
 k - a potion of enlightenment {unknown}


   Skills:
 + Level 3.4 Fighting
 + Level 2.5 Axes
 + Level 3.1 Armour
 + Level 3.1 Shields
 + Level 1.2 Spellcasting
 + Level 1.3 Summonings
 + Level 1.5 Necromancy


You had 5 spell levels left.
You didn't know any spells.
Your spell library contained the following spells:

 Spells                   Type           Power      Damage    Failure   Level
 Magic Dart               Conj           0%         1d3       83%         1
 Searing Ray              Conj           0%         2d4       92%         2
 Fulminant Prism          Conj/Alch      0%         3d5       100%        4


Dungeon Overview and Level Annotations

Branches:
Dungeon (3/15)

Altars:


Innate Abilities, Weirdness & Mutations

You sometimes gain power by taking damage.


Message History

You kill the orc!
You barely miss the orc. You hit the orc. The orc hits you but does no damage.
You hit the orc.
The orc is severely wounded.
You hit the orc. x2; The orc hits you with a +0 mace.
The orc hits you with a +0 flail. The orc hits you with a +0 mace!
You are too injured to fight recklessly!
You are too injured to fight recklessly!
You are too injured to fight recklessly!
Unknown command.
You completely miss the orc.
The orc is severely wounded.
You completely miss the orc. You barely miss the orc.
The orc completely misses you. You block the orc's attack.
The orc hits you with a +0 mace.
* * * LOW HITPOINT WARNING * * *
The orc hits you but does no damage. x2; The orc barely misses you.
You closely miss the orc.
The orc is heavily wounded.
You closely miss the orc. You hit the orc but do no damage.
The orc barely misses you. The orc hits you with a +0 flail.
* * * LOW HITPOINT WARNING * * *
The orc barely misses you.
Unknown command.
You slash the orc!
You kill the orc!
You closely miss the orc. You hit the orc but do no damage.
The orc closely misses you. The orc hits you with a +0 mace.
* * * LOW HITPOINT WARNING * * *
The orc hits you with a +0 mace.
* * * LOW HITPOINT WARNING * * *
The orc hits you with a +0 mace.
* * * LOW HITPOINT WARNING * * *
Unknown command.
You hit the orc.
The orc is almost dead.
You hit the orc.
You kill the orc!
The orc hits you with a +0 mace.
You die...

. ## ###. .. ... #.
.... #.. . ....
#.#.# ### ...
#.#.#....
...#######)$.....#
#####.......@o......
#........"####.###.#
#........†...:..#
#........)......#
#####.####......#
#.# ......# #†#
......# #†# ......#
#.####......#


You could see an orc.

Vanquished Creatures
  4 gnolls (D:2)
  3 adders (D:2)
  A ribbon worm (D:3)
  A dart slug (D:3)
  6 orcs (D:3)
  6 ball pythons
  5 bats
  2 endoplasms
  5 giant cockroaches
  A goblin (D:1)
  2 hobgoblins (D:2)
  2 jackals (D:2)
  6 kobolds
  2 frilled lizards
  3 rats
49 creatures vanquished.

Notes
Turn   | Place    | Note
-------+----------+-------------------------------------------
     0 | D:1      | vvlvvlvvl the Demonspawn Fighter began the quest for the
                  | Orb.
     0 | D:1      | Reached XP level 1. HP: 18/18 MP: 1/1
   173 | D:1      | Gained mutation: You sometimes gain a little power by
                  | taking damage. [demonic ancestry]
   173 | D:1      | Reached XP level 2. HP: 20/24 MP: 2/2
   722 | D:2      | Reached XP level 3. HP: 20/29 MP: 3/3
   874 | D:2      | Reached skill level 1 in Necromancy
   955 | D:2      | Reached skill level 1 in Summonings
   959 | D:2      | Reached skill level 1 in Spellcasting
   959 | D:2      | Gained mutation: You sometimes gain power by taking damage.
                  | [demonic ancestry]
   959 | D:2      | Reached XP level 4. HP: 24/35 MP: 5/5
  1626 | D:3      | Slain by an orc

Illustrated notes

Levels and vault maps discovered:
D:1:      dpeg_arrival_boxes_within_box, layout_rooms, serial_rivers,
          chequers_serial_rivers_small_b, chequers_serial_rivers_micro_b,
          chequers_serial_rivers_micro_e, chequers_serial_rivers_room_b,
          chequers_serial_rivers_room_b
D:2:      layout_loops_ring, minmay_pentomino_v2
D:3:      layout_basic, nicolae_vehumet_radiance, ebering_ghost_sewer_d,
          hellmonk_ecumenical_altar_arch_garden, kennysheep_generic_room_15

Skill      XL: |  1  2  3 |
---------------+----------+-----
Axes           | 2 |  2.5
Necromancy     | 1 |  1.5
Armour         | 3 |  3.1
Shields        | 3 |  3.1
Summonings     | 1 |  1.3
Spellcasting   | 1 |  1.2
Fighting       | |  3.4

Action                     |  1- 3 |  4- 6 || total
---------------------------+-------+-------++-------
  Melee: War axe           |   122 |    37 ||   159
    Use: Potion            |       |     1 ||     1
 Armour: Scale mail        |   101 |    48 ||   149
  Dodge: Dodged            |    57 |    13 ||    70
  Block: Buckler           |    31 |     5 ||    36
